Map: Pylon LE

Players

Cheese

  • Race: Protoss Protoss
  • League: Master
  • Spawn Location: 11:00

ManlyManMeat - Winner!

  • Race: Zerg Zerg
  • League: Diamond
  • Spawn Location: 5:00

VOD

Have the link to the VOD?

Description

Time

  • Played on: July 3, 2025, 6:21 p.m.
  • Length: 13:54
Show
View Real Time Build Order
Export as new Build Order

Cheese Protoss 

Build Orders: Cannon Rush 

Get SALT Encoding   

  12  0:01  Probe  
  13  0:13  Probe  
  14  0:22  Pylon  
  14  0:27  Probe  
  15  0:36  Probe  
  16  0:47  Forge, Probe  
  17  0:56  Gateway  
  17  1:00  Probe  
  18  1:07  Pylon  
  18  1:12  Probe  
  19  1:25  Photon Cannon  
  19  1:41  Gateway  
  19  1:43  Photon Cannon  
  19  1:46  Photon Cannon  
  19  1:52  Pylon  
  19  1:59  Probe  
  20  2:07  Cybernetics Core  
  19  2:23  Probe  
  19  2:28  Zealot  
  22  2:37  Nexus  
  22  2:47  Photon Cannon  
  22  2:55  Assimilator  
  22  2:59  Assimilator  
  22  3:02  Probe  
  21  3:18  Warp Gate, Probe  
  22  3:30  Probe  
  22  3:32  Adept  
  25  3:54  Probe x2, Stalker  
  29  4:06  Probe x2  
  31  4:13  Pylon  
  31  4:15  Pylon  
  31  4:18  Probe x2  
  33  4:25  Stargate  
  33  4:30  Probe x2  
  33  4:42  Probe x2  
  35  4:46  Gateway  
  35  4:48  Gateway  
  35  4:49  Gateway  
  35  4:54  Probe  
  35  4:58  Twilight Council  
  36  5:02  Pylon, Probe  
  36  5:06  Probe  
  38  5:13  Assimilator  
  38  5:14  Probe  
  38  5:15  Assimilator  
  38  5:19  Probe  
  44  5:26  Probe  
  45  5:31  Probe  
  45  5:33  Zealot  
  48  5:38  Probe  
  49  5:46  Pylon  
  47  5:56  Pylon  
  46  6:01  Pylon  
  46  6:03  Stalker x3  
  50  6:22  Pylon  
  46  6:26  Stalker  
  46  6:27  Stalker x2  
  52  6:39  Void Ray  
  50  6:43  Protoss Ground Weapons Level 1  
  43  6:50  Pylon  
  39  6:55  Pylon, Stalker x2  
  39  6:56  Stalker  
  45  7:04  Photon Cannon  
  45  7:05  Probe  
  45  7:06  Probe  
  45  7:15  Void Ray  
  45  7:18  Probe x2  
  51  7:30  Probe x2  
  51  7:31  Pylon, Zealot  
  51  7:35  Pylon  
  55  7:42  Probe x2  
  55  7:54  Probe  
  55  7:56  Probe  
  57  8:04  Oracle  
  60  8:05  Probe  
  60  8:07  Probe  
  62  8:13  Probe, Blink  
  62  8:15  Probe  
  64  8:22  Probe  
  64  8:23  Probe  
  65  8:32  Probe  
  67  8:34  Sentry  
  67  8:35  Probe  
  67  8:36  Stalker x2  
  67  8:41  Pylon, Stalker  
  74  8:44  Probe  
  77  8:49  Nexus  
  77  9:08  Protoss Ground Armor Level 1  
  77  9:11  Probe x2  
  79  9:32  Stalker x3  
  85  9:42  Shield Battery  
  85  9:45  Shield Battery  
  85  9:46  Pylon  
  85  9:47  Photon Cannon  
  85  9:49  Photon Cannon  
  85  9:53  Assimilator  
  85  9:56  Pylon  
  85  9:57  Probe  
  85  9:58  Pylon, Assimilator  
  86  10:01  Pylon, Void Ray  
  86  10:02  Charge  
  90  10:15  Forge  
  90  10:22  Stalker  
  90  10:23  Stalker x3  
  90  10:29  Oracle  
  90  10:33  Gateway  
  90  10:34  Gateway  
  93  10:45  Protoss Ground Weapons Level 2  
  91  10:53  Zealot x4  
  99  11:04  Gateway  
  99  11:07  Gateway  
  99  11:08  Gateway  
  99  11:17  Robotics Facility  
  99  11:21  Probe x3  
  102  11:30  Zealot x4  
  102  11:31  Zealot x2  
  110  11:33  Probe  
  110  11:37  Shield Battery, Photon Cannon  
  111  11:49  Probe x2  
  111  11:52  Probe  
  114  12:00  Stalker x4  
  122  12:03  Observer  
  121  12:14  Zealot  
  121  12:15  Zealot x3  
  117  12:21  Observer  
  118  12:29  Zealot x2  
  108  12:30  Zealot x3  
  98  12:46  Stalker x2  
  98  12:47  Stalker x2  
  94  13:02  Observer  
  95  13:08  Nexus  
  95  13:10  Pylon  
  95  13:14  Pylon  
  95  13:17  Pylon  
  98  13:21  Pylon  
  98  13:22  Assimilator  
  98  13:23  Assimilator  
  98  13:33  Zealot x2  
  98  13:34  Zealot x4  
  104  13:35  Zealot  
  98  13:45  Zealot x2  
Show
View Real Time Build Order
Export as new Build Order

ManlyManMeat Zerg - Winner!

Build Orders: Hatch First 

Get SALT Encoding   

  12  0:00  Drone  
  13  0:08  Drone  
  13  0:14  Extractor  
  13  0:15  Drone  
  15  0:23  Overlord  
  15  0:42  Drone  
  16  0:49  Hatchery  
  15  0:50  Drone  
  15  0:54  Drone  
  17  0:58  Drone  
  18  1:08  Extractor  
  17  1:14  Spawning Pool  
  17  1:18  Drone  
  17  1:21  Drone  
  18  1:26  Drone  
  19  1:36  Drone  
  19  2:08  Queen  
  19  2:09  Queen  
  19  2:12  Spine Crawler  
  22  2:18  Roach Warren  
  22  2:20  Drone  
  23  2:30  Drone x2  
  23  2:32  Drone  
  23  2:57  Overlord  
  23  2:58  Overlord  
  23  3:08  Hatchery  
  22  3:18  Roach x2  
  26  3:39  Ravager x2  
  26  3:40  Roach x3  
  34  3:46  Drone  
  35  4:00  Overlord  
  35  4:01  Overlord  
  35  4:02  Ravager  
  36  4:20  Roach  
  36  4:21  Roach  
  36  4:22  Drone x5  
  45  4:37  Roach  
  47  5:06  Spore Crawler  
  46  5:07  Drone x4, Spore Crawler  
  46  5:08  Drone x2  
  46  5:11  Hatchery  
  46  5:12  Roach  
  52  5:25  Drone x4  
  56  5:30  Drone  
  56  5:32  Evolution Chamber  
  56  6:03  Roach x2  
  60  6:05  Overlord x4  
  54  6:25  Roach x9  
  65  6:40  Roach x2  
  65  6:58  Roach x2  
  65  6:59  Zergling x14  
  76  7:07  Roach  
  73  7:30  Queen  
  73  7:31  Queen  
  73  7:32  Drone x6  
  73  7:33  Drone x2  
  81  7:39  Ravager  
  79  8:00  Lair  
  79  8:04  Drone x3, Extractor  
  79  8:05  Extractor x2  
  79  8:06  Drone x3  
  79  8:07  Drone x2, Queen  
  79  8:08  Drone  
  87  8:24  Zerg Missile Weapons Level 1  
  87  8:27  Queen  
  89  8:34  Drone  
  89  8:35  Overlord x4  
  89  8:40  Hatchery  
  89  8:51  Drone  
  89  8:52  Queen  
  91  9:02  Spore Crawler  
  90  9:09  Drone x6  
  95  9:13  Drone, Hydralisk Den  
  95  9:16  Glial Reconstitution  
  95  9:18  Evolution Chamber  
  94  9:46  Hydralisk x4, Muscular Augments  
  94  9:47  Hydralisk x6  
  114  9:58  Zerg Ground Armor Level 1  
  114  10:03  Drone x6  
  114  10:05  Drone x7  
  114  10:06  Overlord  
  127  10:24  Hydralisk x4  
  133  10:42  Hydralisk  
  133  10:43  Overlord x3  
  132  10:50  Grooved Spines  
  132  10:54  Zerg Missile Weapons Level 2  
  131  11:01  Hydralisk x4  
  131  11:04  Hatchery  
  138  11:14  Extractor  
  138  11:16  Extractor  
  138  11:18  Spore Crawler  
  135  11:20  Hydralisk x4  
  143  11:36  Drone  
  143  11:37  Drone x3  
  143  11:38  Drone x2, Overlord x3  
  149  11:41  Drone x3, Extractor  
  149  11:42  Drone x3, Extractor  
  149  11:43  Drone x4, Overlord  
  149  11:44  Overlord  
  157  11:49  Hydralisk  
  155  12:14  Hydralisk x2  
  155  12:15  Hydralisk x8  
  169  12:28  Hydralisk x5  
  168  12:40  Hydralisk x5  
  168  12:42  Zergling x18  
  173  12:59  Drone x3  
  173  13:00  Drone, Hydralisk x5  
  187  13:16  Hydralisk x6  
  199  13:20  Infestation Pit  
Tags
 
Add a new tag
Caveats
  • Supply blocks, unpowered buildings, or Contaminate may cause inaccurate times.
  • Supply counts are checked every 10 seconds.